 Dungeon Crawl Stone Soup version 0.23.2-33-g5129a83184 (webtiles) character file.

Game seed: 8241545005083138664

114 doot the Magician (level 4, -3/24 HPs)
             Began as a Deep Elf Wizard on July 24, 2019.
             Slain by a phantom (9 damage)
             ... on level 4 of the Dungeon.
             The game lasted 00:05:27 (2360 turns).

doot the Magician (Deep Elf Wizard)                 Turns: 2360, Time: 00:05:28

Health: -3/24      AC:  2    Str:  4    XL:     4   Next: 66%
Magic:  6/14       EV: 13    Int: 24    God:
Gold:   70         SH:  0    Dex: 13    Spells: 6/15 levels left

rFire    . . .     SeeInvis .   m - +3 whip
rCold    . . .     Gourm    .   (no shield)
rNeg     . . .     Faith    .   a - +0 robe
rPois    .         Spirit   .   b - +0 hat
rElec    .         Reflect  .   (no cloak)
rCorr    .         Harm     .   (no gloves)
MR       .....                  (no boots)
Stlth    ++........             (no amulet)
HPRegen  0.08/turn              (no ring)
MPRegen  0.14/turn              (no ring)

@: no status effects
A: no striking features
a: no special abilities


You were on level 4 of the Dungeon.
You were very hungry.

You visited 1 branch of the dungeon, and saw 4 of its levels.

You collected 70 gold pieces.

Inventory:

Hand Weapons
 m - a +3 whip (weapon)
Armour
 a - a +0 robe (worn)
 b - a +0 hat (worn)
 n - a +0 pair of gloves
Scrolls
 c - 4 scrolls of identify {unknown}
 f - 2 scrolls of blinking {unknown}
 h - a scroll of noise {unknown}
 i - a scroll of teleportation {unknown}
 j - a scroll of immolation {unknown}
Potions
 e - a potion of haste {unknown}
 g - a potion of flight {unknown}
 k - a potion of magic {unknown}
 l - 2 potions of lignification {unknown}
 o - a potion of resistance {unknown}
Comestibles
 d - 9 rations


   Skills:
 + Level 3.0 Dodging
 + Level 2.7 Stealth
 + Level 6.2 Spellcasting
 + Level 2.8 Conjurations
   Level 1.1 Summonings
 + Level 1.1 Translocations
 + Level 0.1 Fire Magic


You had 6 spell levels left.
You knew the following spells:

 Your Spells              Type           Power        Failure   Level  Hunger
a - Magic Dart            Conj           ###.         2%          1    None
b - Blink                 Tloc           N/A          8%          2    None
c - Conjure Flame         Conj/Fire      ##......     12%         3    #......
d - Mephitic Cloud        Conj/Pois/Air  ##......     16%         3    #......

Your spell library contained the following spells:

 Spells                   Type           Power        Failure   Level  Hunger
 Call Imp                 Summ           ##......     8%          2    None
 Slow                     Hex            #.......     12%         2    None


Dungeon Overview and Level Annotations

Branches:
Dungeon (4/15)
 Temple: D:4-7

Altars:
Fedhas


Message History

Confirm with . or Enter, or press ? or * to list all spells.
Aiming: Conjure Flame (safe; 12% risk of failure)
Press: ? - help, Dir - move target cursor, p - phantom The fire ignites!
Found a ring mail.
Found a pair of gloves.
You see here a ring mail.
You see here a pair of gloves.
n - a pair of gloves
Found a purple potion.
The phantom blinks!
You see here a purple potion.
o - a purple potion The phantom blinks!
You hit the phantom but do no damage.
The phantom is heavily damaged.
The phantom blinks!
The phantom blinks!
The phantom hits you!
You die...

### ### ..# W.#
#.# #.## #.##
#..########
###..#####
#..§......#
#..W.....#
#.........#
..#@.## .##
#[........#
..###..# ..#
#.........##.##
##.###.#
#.............#
#..§.#.##
#..........#
##.#....#
#.........#
####...#
#######..##
##..# #...####
####..##
#....#.##
##.#..##


You could see a phantom.

Vanquished Creatures
  A centaur skeleton (D:4)
  3 adders (D:2)
  An ooze (D:1)
  2 worms (D:2)
  2 leopard geckos
  A giant cockroach (D:2)
  7 goblins
  5 hobgoblins
  9 jackals
  4 kobolds
  A ball python (D:3)
  5 bats
  2 frilled lizards (D:2)
  2 rats
45 creatures vanquished.

Notes
Turn   | Place    | Note
-------+----------+-------------------------------------------
     0 | D:1      | doot the Deep Elf Wizard began the quest for the Orb.
     0 | D:1      | Reached XP level 1. HP: 10/10 MP: 7/7
   187 | D:1      | Reached skill level 5 in Spellcasting
   187 | D:1      | Reached XP level 2. HP: 15/15 MP: 3/10
   191 | D:1      | Learned a level 2 spell: Blink
  1112 | D:2      | Found a blossoming altar of Fedhas.
  1190 | D:2      | Reached XP level 3. HP: 17/19 MP: 6/11
  1481 | D:2      | Learned a level 3 spell: Conjure Flame
  1485 | D:2      | Learned a level 3 spell: Mephitic Cloud
  1559 | D:2      | Reached XP level 4. HP: 22/24 MP: 0/13
  1734 | D:2      | Reached skill level 6 in Spellcasting
  2288 | D:4      | Noticed a phantom
  2360 | D:4      | Slain by a phantom

Skill      XL: |  1  2  3  4 |
---------------+-------------+-----
Spellcasting   | 5 6 |  6.2
Conjurations   | 2 |  2.8
Dodging        | 3 |  3.0
Stealth        | |  2.7
Summonings     | |  1.1
Translocations | |  1.1
Fire Magic     | |  0.1

Action                   |  1- 3 |  4- 6 || total
-------------------------+-------+-------++-------
Melee: Unarmed           |     6 |     1 ||     7
       Whip              |       |     6 ||     6
 Cast: Magic Dart        |    97 |    52 ||   149
       Conjure Flame     |     2 |     1 ||     3
       Blink             |       |     2 ||     2
  Use: Potion            |     1 |       ||     1
 Stab: Sleeping          |       |     1 ||     1
  Eat: Chunk             |     2 |     1 ||     3
Armor: Robe              |     5 |     1 ||     6
Dodge: Dodged            |    24 |    15 ||    39
